 Dungeon Crawl Stone Soup version 0.26-a0-1164-g1a551d6a14 (webtiles) character file.

Game seed: 5119654195118591820

121 voltaire321 the Poker (level 5, -6/41 HPs)
             Began as a Merfolk Gladiator on Dec 24, 2020.
             Mangled by a gnoll
             ... wielding a +0 long sword
              (11 damage)
             ... on level 3 of the Dungeon.
             The game lasted 00:05:42 (2002 turns).

voltaire321 the Poker (Merfolk Gladiator)           Turns: 2002, Time: 00:05:43

Health: -6/41      AC:  5    Str: 12 (14) XL:     5   Next: 5%
Magic:  0/5        EV: 14    Int:  6 (7)  God:
Gold:   118        SH:  0    Dex: 15 (17) Spells: 4/4 levels left

rFire    . . .     SeeInvis .   a - +0 trident
rCold    . . .     Faith    .   (no shield)
rNeg     . . .     Spirit   .   b - +0 leather armour
rPois    .         Reflect  .   c - +0 helmet
rElec    .         Harm     .   (no cloak)
rCorr    .         Rampage  .   (no gloves)
Will     .....                  o - +0 pair of boots
Stlth    +.........             (no amulet)
HPRegen  0.13/turn              (no ring)
MPRegen  0.09/turn              (no ring)

@: no status effects
A: change form in water, swift swim, stealthy swim
a: no special abilities


You were on level 3 of the Dungeon.
You visited 1 branch of the dungeon, and saw 3 of its levels.

You collected 118 gold pieces.

Inventory:

Hand Weapons
 a - a +0 trident (weapon)
Missiles
 d - 4 throwing nets
 h - 2 datura-tipped darts (quivered)
 l - 10 poisoned darts
Armour
 b - a +0 leather armour (worn)
 c - a +0 helmet (worn)
 o - a +0 pair of boots (worn)
Scrolls
 e - a scroll of teleportation
 f - 3 scrolls of identify {unknown}
 i - 2 scrolls of fear {unknown}
 j - a scroll of immolation {unknown}
 m - a scroll of random uselessness {unknown}
 q - a scroll of remove curse {unknown}
Potions
 g - a potion of curing {unknown}
 k - a potion of resistance {unknown}
 n - a potion of degeneration
 p - a potion of lignification {unknown}


   Skills:
 + Level 3.3 Fighting
 * Level 6.5 Polearms
 - Level 2.0 Throwing
 + Level 5.0 Dodging


You had 4 spell levels left.
You didn't know any spells.
Your spell library was empty.

Dungeon Overview and Level Annotations

Branches:
Dungeon (3/15)

Altars:
Trog


Message History

The eye of draining gazes at you.
You feel your power leaking away.
The gnoll hits you with a +0 long sword.
* * * LOW HITPOINT WARNING * * *
The eye of draining turns its gaze towards you.
The kobold misses you. The kobold misses you. The gnoll misses you.
The eye of draining gazes at you.
You feel your power leaking away. The eye of draining gazes at you.
You puncture the gnoll!
You kill the gnoll!
The eye of draining gazes at you.
You have reached level 5!
You feel agile.
It was a potion of degeneration.
There was something very wrong with that liquid.
You feel weakened.
You feel dopey.
You feel clumsy.
The gnoll hits you with a +0 long sword!
You die...

#.## ##### # ##†##
##...## #.#....
##...8.### #.....#
#........##### ###...#
#._.........$# ##...
#....Ghhg###.# ####
##.GK8g#####.## #
##..@## #.h.# ## #####
#.#.# #. #h..# #.
##############.## #.
#.............h# #.
#.......)#####.# ######.
#........#.))..###......
#...........#...........
#........#..#.>#.#......


You could see 2 eyes of draining, 2 gnolls, 2 jackals and a kobold.

Vanquished Creatures
  3 gnolls (D:3)
  3 adders (D:2)
  2 oozes
  2 leopard geckos (D:2)
  3 orcs (D:3)
  3 bats
  2 giant cockroaches
  7 goblins
  3 hobgoblins
  2 jackals (D:3)
  7 kobolds
  3 frilled lizards
  9 rats
49 creatures vanquished.

Vanquished Creatures (collateral kills)
  2 gnolls (D:3)
  A bat (D:3)
3 creatures vanquished.

Grand Total: 52 creatures vanquished

Notes
Turn   | Place    | Note
-------+----------+-------------------------------------------
     0 | D:1      | voltaire321 the Merfolk Gladiator began the quest for the
                  | Orb.
     0 | D:1      | Reached XP level 1. HP: 16/16 MP: 1/1
   393 | D:1      | Reached XP level 2. HP: 23/23 MP: 2/2
   468 | D:1      | Reached skill level 5 in Polearms
  1002 | D:2      | Reached XP level 3. HP: 24/28 MP: 3/3
  1454 | D:2      | Reached XP level 4. HP: 30/35 MP: 4/4
  1817 | D:3      | Reached skill level 6 in Polearms
  1972 | D:3      | Reached skill level 5 in Dodging
  1995 | D:3      | Found a bloodstained altar of Trog.
  1995 | D:3      | Noticed an eye of draining
  1996 | D:3      | Noticed an eye of draining
  2002 | D:3      | Reached XP level 5. HP: 5/41 MP: 0/5
  2002 | D:3      | Mangled by a gnoll

Illustrated notes

Levels and vault maps discovered:
D:1:      ebering_trefoil_twist, layout_basic
D:2:      layout_basic
D:3:      lemuel_castle_with_subvaults [lemuel_castle_interior_carwin_1],
          layout_loops_cross, trog_eyes_of_draining, portal_sewer_entry_f,
          uniq_sigmund

Skill      XL: |  1  2  3  4 |
---------------+-------------+-----
Polearms       | 5 6 |  6.5
Fighting       | 3 |  3.3
Dodging        | 5 |  5.0
Throwing       | |  2.0

Action                   |  1- 3 |  4- 6 || total
-------------------------+-------+-------++-------
Melee: Trident           |    76 |    64 ||   140
Throw: Dart              |       |     1 ||     1
  Use: Scroll            |       |     1 ||     1
       Potion            |       |     1 ||     1
 Stab: Sleeping          |     1 |       ||     1
Armor: Leather armour    |    17 |    12 ||    29
Dodge: Dodged            |    43 |    38 ||    81

Table legend: (Time is in decaauts)
 A = Elapsed time spent in this place.
 B = Non-inter-level travel time spent in this place.
 C = Inter-level travel time spent in this place.
 D = Time resting spent in this place.
 E = Time spent auto-exploring this place.
 F = Levels seen in this place.
 G = Mean time per level.
                   A        B        C        D        E       F      G
               +--------+--------+--------+--------+--------+-----+--------+
         Total |   2004 |   1899 |    105 |    273 |   1196 |   3 |  668.0 |
       Dungeon |   2004 |   1899 |    105 |    273 |   1196 |   3 |  668.0 |
               +--------+--------+--------+--------+--------+-----+--------+

Top non-repeatable levels by time:
     D:1: 986 daAuts
     D:2: 811 daAuts
     D:3: 206 daAuts
